 Dungeon Crawl Stone Soup version 0.19.5 (webtiles) character file.

146 JeffiDaFish the Shield-Bearer (level 5, -2/32 HPs)
             Began as a Gargoyle Fighter on Sept 13, 2017.
             Killed from afar by JeffiDaFish's ghost (7 damage)
             ... with a flame tongue
             ... on level 3 of the Dungeon.
             The game lasted 00:05:11 (2120 turns).

JeffiDaFish the Shield-Bearer (Gargoyle Fighter)    Turns: 2120, Time: 00:05:13

Health: -2/32      AC: 11    Str: 19    XL:     5   Next: 28%
Magic:  5/5        EV:  8    Int:  9    God:
Gold:   76         SH: 10    Dex: 10    Spells: 0 memorised, 4 levels left

rFire  . . .     SeeInvis .     a - +1 flail
rCold  . . .     Gourm    .     b - +0 scale mail
rNeg   + . .     Faith    .     c - +1 shield
rPois  ∞         Spirit   .     (no helmet)
rElec  +         Reflect  .     (no cloak)
rCorr  .         Harm     .     (no gloves)
MR     .....     Rnd*Tele +     (no boots)
Stlth  ..........               (no amulet)
                                (no ring)
                                k - ring of teleportation (curse)

@: exhausted, slowed, very slow
A: negative energy resistance 1, electricity resistance, unbreathing,
petrification resistance, rot immunity, AC +4
a: no special abilities


You were on level 3 of the Dungeon.
You were not hungry.

You visited 1 branch of the dungeon, and saw 3 of its levels.

You collected 76 gold pieces.

Inventory:

Hand Weapons
 a - a +1 flail (weapon)
Armour
 b - a +0 scale mail (worn)
 c - a +1 shield (worn)
Jewellery
 k - a cursed ring of teleportation (left hand)
Scrolls
 j - a scroll of enchant armour
 l - a scroll of recharging
Potions
 d - a potion of might
 e - a potion of heal wounds
Comestibles
 f - 3 bread rations
 h - 4 fruits
 i - a royal jelly


   Skills:
 + Level 3.6 Fighting
 + Level 3.4 Maces & Flails
 + Level 3.8 Armour
 + Level 1.2 Dodging
 + Level 0.8 Stealth
 + Level 4.2 Shields


You had 4 spell levels left.
You didn't know any spells.

Dungeon Overview and Level Annotations

Branches:
Dungeon (3/15)

Altars:

Annotations:
D:3 JeffiDaFish's ghost, amateur DrFE


Innate Abilities, Weirdness & Mutations

You are resistant to torment.
Your stone body is resilient. (AC +4)
You are immune to poison.
You resist negative energy. (rN+)
You are resistant to electric shocks. (rElec)
You can survive without breathing.
You are immune to petrification.
You are immune to rotting.


Message History

The puff of flame hits you!
You closely miss JeffiDaFish's ghost.
JeffiDaFish's ghost is heavily damaged.
The orc wizard points at you and mumbles some strange words.
The magic dart hits you!
The orc wizard hits you but does no damage.
JeffiDaFish's ghost wails.
JeffiDaFish's ghost hits you but does no damage.
The orc wizard looks satisfied for a moment.
JeffiDaFish's ghost gestures at you while chanting.
The flame tongue hits you!
* * * LOW HITPOINT WARNING * * *
You closely miss JeffiDaFish's ghost.
JeffiDaFish's ghost is heavily damaged.
You block the orc wizard's attack. x2
JeffiDaFish's ghost hits you but does no damage.
The orc wizard hits you but does no damage.
JeffiDaFish's ghost casts a spell at you.
The flame tongue hits you!
You die...

#.#....# .#.#
#.##.#.#### #.#.#
#.#.#....... #.#.#
#.#.####.#### #.#.#
#.#.#.#...# #.#.#
#.#.#.##...#
#s#.#.#.#.#.#...#
#o#)#.#.#.##...#
#@#$#.#.#.#...#
#W#.#.#.#.##...
#.#^#.#.#.#.#..#####
#.#.#.#.#.#.##.......
#.#.#.#.#.#.#.#...<...
#.#.#.#.#.#.#.#.....###
..#.#.#.#.#.#.#.#.......
.################....###
#.......


You could see an orc wizard, JeffiDaFish's ghost and a giant cockroach.

Vanquished Creatures
  An orc priest (D:3)
  3 adders (D:2)
  6 worms
  2 dart slugs (D:2)
  A leopard gecko (D:1)
  2 orcs (D:3)
  11 giant cockroaches
  11 goblins
  A hobgoblin (D:1)
  6 jackals (D:1)
  2 quokkas
  2 bats
  4 frilled lizards
  4 kobolds
  6 rats
62 creatures vanquished.

Vanquished Creatures (others)
  2 orcs (D:3)
2 creatures vanquished.

Grand Total: 64 creatures vanquished

Notes
Turn   | Place    | Note
-------+----------+-------------------------------------------
     0 | D:1      | JeffiDaFish the Gargoyle Fighter began the quest for the Orb.
     0 | D:1      | Reached XP level 1. HP: 14/14 MP: 1/1
   191 | D:1      | Reached XP level 2. HP: 19/19 MP: 2/2
   620 | D:1      | Reached XP level 3. HP: 23/23 MP: 3/3
   950 | D:2      | Reached XP level 4. HP: 25/28 MP: 4/4
   965 | D:2      | Reached skill level 4 in Shields
  1084 | D:2      | Reached skill level 1 in Dodging
  1875 | D:3      | Noticed an orc warrior
  2096 | D:3      | Reached XP level 5. HP: 29/32 MP: 5/5
  2100 | D:3      | Noticed JeffiDaFish's ghost (amateur DrFE)
  2120 | D:3      | Killed from afar by JeffiDaFish's ghost

Skill      XL: |  1  2  3  4 |
---------------+-------------+-----
Shields        | 4 |  4.2
Dodging        | 1 |  1.2
Maces & Flails | 3 |  3.4
Fighting       | |  3.6
Armour         | |  3.8
Stealth        | |  0.8

Action                   |  1- 3 |  4- 6 || total
-------------------------+-------+-------++-------
Melee: Flail             |   158 |   146 ||   304
  Use: Potion            |     4 |     2 ||     6
       Scroll            |     2 |     4 ||     6
  Eat: Chunk             |       |     5 ||     5
Armor: Scale mail        |   111 |    64 ||   175
Dodge: Dodged            |    80 |    54 ||   134
Block: Shield            |   124 |    89 ||   213
